 Dungeon Crawl Stone Soup version 0.30-a0-879-ga8ba668304 (webtiles) character file.

Game seed: 8062778819874658846

217 porpoise the Shooter (level 5, 0/48 HPs)
             Began as a Tengu Hunter on Mar 14, 2023.
             Succumbed to a water moccasin's poison
             ... on level 4 of the Dungeon.
             The game lasted 00:07:42 (2323 turns).

porpoise the Shooter (Tengu Hunter)                 Turns: 2323, Time: 00:07:43

Health: 0/48       AC: 22    Str: 11    XL:     5   Next: 94%
Magic:  6/6        EV:  2    Int: 10    God:
Gold:   227        SH:  0    Dex: 19    Spells: 4/4 levels left

rFire   + . .      SeeInvis .    b - +2 dagger (venom)
rCold   . . .      Faith    .    (no shield)
rNeg    . . .      Spirit   .    c - melded +1 leather armour
rPois   +          Reflect  .    (helmet currently unavailable)
rElec   .          Rampage  .    q - melded +0 cloak
rCorr   .          NoTele   +    (gloves currently unavailable)
Will    .....                    (boots unavailable)
Stlth   +++                      t - amulet of the acrobat
HPRegen 0.28/turn                h - ring of protection from fire
MPRegen 0.10/turn                (no ring)

@: lethally poisoned (0 -> -14), tree-form
A: stationary, stasis, torment immunity, boosted hp, (beak), (talons 3), nimble
flight
a: no special abilities


You were on level 4 of the Dungeon.
You were a tree.
You visited 1 branch of the dungeon, and saw 4 of its levels.

You collected 227 gold pieces.

Inventory:

Hand Weapons
 a - a +0 shortbow
 b - a +2 dagger of venom (weapon)
 k - a +0 dagger of draining
Missiles
 w - 6 poisoned darts
Armour
 c - a +1 leather armour (melded)
 f - an orb of light
 q - a +0 cloak (melded)
Jewellery
 e - a ring of magical power
 h - a ring of protection from fire (left branch)
 t - an amulet of the acrobat (around neck)
Wands
 o - a wand of charming (10)
Scrolls
 d - a scroll of immolation
 l - a scroll of enchant armour
 m - 2 scrolls of blinking
 n - a scroll of magic mapping {unknown}
 p - 3 scrolls of identify
 r - a scroll of vulnerability {unknown}
 u - a scroll of acquirement {unknown}
 v - a scroll of teleportation {unknown}
 x - a scroll of fog {unknown}
Potions
 g - a potion of cancellation
 i - a potion of mutation
 j - a potion of attraction


   Skills:
 + Level 3.3 Fighting
 * Level 6.2 Ranged Weapons
 - Level 2.1 Dodging
 + Level 3.0 Stealth


You had 4 spell levels left.
You didn't know any spells.
Your spell library contained the following spells:

 Spells                   Type           Power      Damage    Failure   Level
 Sublimation of Blood     Necr           0%         N/A       50%         2
 Petrify                  Tmut/Erth      0%         N/A       98%         4
 Irradiate                Conj/Tmut      0%         3d11      100%        5


Dungeon Overview and Level Annotations

Branches:
Dungeon (4/15)
 Temple: D:4-7

Altars:
Vehumet


Innate Abilities, Weirdness & Mutations

You are a tree.
Your roots penetrate the ground, keeping you stationary.
You cannot be teleported.
You are immune to unholy pain and torment.
Your maximum health is greatly increased.
Your equipment is partially melded.
((You have a beak for a mouth.))
((You have claws for feet.))
Your magical nature lets you fly swiftly and evasively.


Message History

You shoot an arrow.
The arrow closely misses the water moccasin.
The water moccasin closely misses you.
The water moccasin bites you but does no damage.
You shoot an arrow. The arrow hits the water moccasin.
The water moccasin is severely wounded.
The water moccasin barely misses you. The water moccasin bites you.
You are poisoned.
The water moccasin poisons you!
Your +2 dagger of venom begins to drip with poison!
b - a +2 dagger of venom (weapon)
You feel very sick. The water moccasin barely misses you.
You hit the water moccasin. Your kick misses the water moccasin.
The water moccasin is almost dead.
You feel very sick. The water moccasin closely misses you.
You hit the water moccasin. Your kick misses the water moccasin.
You peck the water moccasin, but do no damage.
The water moccasin is almost dead.
You feel very sick. The water moccasin misses you.
You hit the water moccasin. Your kick misses the water moccasin.
The water moccasin is almost dead.
You feel sick. The water moccasin bites you.
* * * LOW HITPOINT WARNING * * *
The water moccasin bites you.
* * * LOW HITPOINT WARNING * * *
You are more poisoned.
The water moccasin poisons you!
You miss the water moccasin. Your kick misses the water moccasin.
The water moccasin is almost dead.
* * * LOW HITPOINT WARNING * * *
You feel very sick. The water moccasin misses you.
Really quaff the potion of lignification?
You turn into a tree.
Your +0 cloak melds into your body.
Your +1 leather armour melds into your body.
Your roots penetrate the ground.
You die...

#.#
#..##.#.#.#####.#.
#.# #..##.#.#.#
#.#. #.#
#..##.#.#.# #.#
### #..##.#.#.#
#.# #..##.#.#.#
#.# #..##.#.#.#
#..##.#.#.##
#...........
#♣.#........
#S..........
#...............#.
#.###.#.....#[###
#.#......... #
#..##.#.### ....
..... ..## .#.##
#.# .#


You could see a water moccasin.

Vanquished Creatures
  A phantom (D:4)
  Crazy Yiuf (D:3)
  An orc priest (D:3)
  An adder (D:2)
  A worm (D:2)
  2 dart slugs
  6 orcs
  7 bats
  3 endoplasms (D:1)
  2 giant cockroaches
  8 hobgoblins
  7 kobolds
  5 quokkas
  3 ball pythons
  4 frilled lizards
  8 goblins
  5 rats
65 creatures vanquished.

Notes
Turn   | Place    | Note
-------+----------+-------------------------------------------
     0 | D:1      | porpoise the Tengu Hunter began the quest for the Orb.
     0 | D:1      | Reached XP level 1. HP: 12/12 MP: 2/2
   189 | D:1      | Reached XP level 2. HP: 17/17 MP: 3/3
   420 | D:1      | Reached XP level 3. HP: 22/22 MP: 4/4
   442 | D:1      | Reached skill level 5 in Ranged Weapons
   823 | D:2      | Found a radiant altar of Vehumet.
  1127 | D:3      | Found a runed translucent door.
  1162 | D:3      | Reached XP level 4. HP: 27/27 MP: 5/5
  1929 | D:3      | Noticed Crazy Yiuf
  1943 | D:3      | Killed Crazy Yiuf
  1944 | D:3      | Gained mutation: Your magical nature lets you fly swiftly
                  | and evasively. [Tengu growth]
  1944 | D:3      | Reached XP level 5. HP: 4/32 MP: 6/6
  2143 | D:4      | Noticed a phantom
  2150 | D:4      | Killed a phantom
  2151 | D:4      | Reached skill level 6 in Ranged Weapons
  2308 | D:4      | Noticed a water moccasin
  2323 | D:4      | Succumbed to a water moccasin's poison

Illustrated notes

Levels and vault maps discovered:
D:1:      wheals_arrival_shading, layout_basic, dreamdust_wishing_well,
          chequers_serial_rivers_large_b, minivault_26,
          amcnicky_mini_rare_corridor_liquid, minmay_tromino_mix6
D:2:      layout_rooms, basic_altar, bh_walls_and_bars
D:3:      layout_loops_ring, kennysheep_nondescript, uniq_crazy_yiuf_cottage
D:4:      layout_basic, minmay_door_square, uniq_edmund

Skill      XL: |  1  2  3  4  5 |
---------------+----------------+-----
Ranged Weapons | 5 6 |  6.2
Stealth        | 2 3 |  3.0
Fighting       | 3 |  3.3
Dodging        | |  2.1

Action                     |  1- 3 |  4- 6 || total
---------------------------+-------+-------++-------
  Melee: Dagger            |     5 |     9 ||    14
         Kick              |     2 |     1 ||     3
         Peck              |     1 |     2 ||     3
   Fire: Shortbow          |   115 |    78 ||   193
    Use: Scroll            |     5 |     1 ||     6
         Potion            |       |     1 ||     1
   Stab: Sleeping          |       |     1 ||     1
 Armour: Leather armour    |    26 |     9 ||    35
  Dodge: Dodged            |    21 |    30 ||    51

Table legend: (Time is in decaauts)
 A = Elapsed time spent in this place.
 B = Non-inter-level travel time spent in this place.
 C = Inter-level travel time spent in this place.
 D = Time resting spent in this place.
 E = Time spent auto-exploring this place.
 F = Levels seen in this place.
 G = Mean time per level.
                   A        B        C        D        E       F      G
               +--------+--------+--------+--------+--------+-----+--------+
         Total |   2377 |   2227 |    150 |    283 |   1485 |   4 |  594.2 |
       Dungeon |   2377 |   2227 |    150 |    283 |   1485 |   4 |  594.2 |
               +--------+--------+--------+--------+--------+-----+--------+

Top non-repeatable levels by time:
     D:3: 1000 daAuts
     D:1: 690 daAuts
     D:2: 472 daAuts
     D:4: 214 daAuts
